 Zot Defence DCSS version 0.14-a0-2091-gca92d1a (webtiles) character file.

36 BluebellGnoll the Magician (level 3, 17/17 (19) HPs)
             Began as a Deep Elf Wizard on Jan 25, 2014.
             Quit the game in the Realm of Zot (Scenario I: Hall of Zot).
             The game lasted 00:05:02 (378 turns).

BluebellGnoll the Magician (Deep Elf Wizard)         Turns: 378, Time: 00:05:02

HP  17/17 (19)   AC  7     Str  4      XL: 3   Next: 19%
MP   0/12        EV 13     Int 23      God:
Gold 0           SH  0     Dex 13      Spells:  4 memorised,  3 levels left

rFire  . . .     SeeInvis .     k - +0 short sword (protect)
rCold  . . .     Clarity  .     a - +0 elf robe
rNeg   . . .     Conserve .     (no shield)
rPois  .         rCorr    .     b - +0 elf hat
rElec  .         rRot     .     (no cloak)
SustAb . .       Spirit   .     (no gloves)
rMut   .         Warding  .     (no boots)
Saprov . . .     Stasis   .     (no amulet)
MR     .....                    (no ring)
                                (no ring)

@: very slightly contaminated, slowed, very slow, not resistant to hostile
enchantments, fairly stealthy
A: no striking features
a: Make dart trap, Make oklob sapling, Make arrow trap


You were in the Realm of Zot.
You were not hungry.

You visited 1 branch

Inventory:

Hand weapons
 k - a +0,+0 short sword of protection (weapon)
Armour
 a - a +0 elven robe (worn)
 b - a +0 elven hat (worn)
Comestibles
 f - a bread ration
Scrolls
 j - a scroll of blinking
Potions
 d - 3 potions of curing
 g - a potion of speed
 h - 2 potions of magic
 i - a potion of berserk rage
Books
 c - a book of Minor Magic

   Spells                             Type                      Level
   *Magic Dart                        Conjuration                  1
   *Blink                             Translocation                2
   *Call Imp                          Summoning                    2
   Repel Missiles                     Charms/Air                   2
   *Slow                              Hexes                        2
   Conjure Flame                      Conjuration/Fire             3
   Mephitic Cloud                     Conjuration/Poison/Air       3


   Skills:
 + Level 2.9 Dodging
 - Level 2.4 Stealth
 - Level 4.4 Spellcasting
 * Level 3.1 Conjurations
 - Level 1.1 Summonings
 - Level 1.1 Translocations


You had 3 spell levels left.
You knew the following spells:

 Your Spells              Type           Power        Failure   Level  Hunger
a - Magic Dart            Conj           ###.         2%          1    None
b - Blink                 Tloc           N/A          12%         2    None
c - Call Imp              Summ           ##........   12%         2    None
d - Slow                  Hex            #.......     17%         2    None


Dungeon Overview and Level Annotations

Branches:
    Zot (1/1)

Altars:


Message History

Aim: Wulfoc the orc wizard, wielding an orcish short sword and wearing an orcish robe (severely wounded, moving very quickly)
The magic dart hits Wulfoc.
Wulfoc is severely wounded.
The bat flies safely over a trap.
A dart hits Wulfoc!
The bat flies safely over a trap.
Wulfoc mumbles some strange words.
Wulfoc blinks!
A dart hits Wulfoc!
The bat flies safely over a trap.
A bat comes into view.
Casting: Magic Dart
Confirm with . or Enter, or press ? or * to list all spells.
Aiming: Magic Dart
Press: ? - help, Shift-Dir - straight line, f/p - Wulfoc
Aim: Wulfoc the orc wizard, wielding an orcish short sword and wearing an orcish robe (almost dead, moving very quickly)
The magic dart hits Wulfoc.
Wulfoc is almost dead.
The bat flies safely over a trap.
Your flesh rots away as the Orb of Zot is desecrated.
The bat flies safely over a trap.
Your flesh rots away as the Orb of Zot is desecrated.
Are you sure you want to abandon this character and quit the game? (Confirm with "yes".)

########### ####### ......####
####.. .........### ###.....
...........## ##.......
............# ▓▓▓▓▓▓▓▓▓ #........
............▓▓▓.......▓▓▓........
............▓▓.........▓▓........
...........)▓...........▓........
............^^^^@^ob^^^^^........
............▓...%.......▓........
............▓▓.........▓▓........
............▓▓▓.......▓▓▓........
............▓ ▓▓▓▓▓▓▓▓▓ ▓........
...........▓▓ ▓▓.......
.........▓▓▓ ▓▓▓..... ......▓▓▓▓
▓▓▓▓.. ▓▓▓▓▓▓▓▓▓▓ ▓▓▓▓▓▓


You could see Wulfoc the orc wizard and a bat.

Vanquished Creatures
  A giant eyeball (Zot)
  3 bats (Zot)
  A giant cockroach (Zot)
  2 goblins (Zot)
  A kobold (Zot)
8 creatures vanquished.

Vanquished Creatures (collateral kills)
  A goblin (Zot)
  A kobold (Zot)
2 creatures vanquished.

Vanquished Creatures (others)
  A giant newt (Zot)
  5 goblins (Zot)
  A kobold (Zot)
  3 rats (Zot)
10 creatures vanquished.

Grand Total: 20 creatures vanquished

Notes
Turn   | Place    | Note
--------------------------------------------------------------
     0 | Zot      | BluebellGnoll, the Deep Elf Wizard, began the quest for the Orb.
     0 | Zot      | Reached XP level 1. HP: 10/10 MP: 6/6
   215 | Zot      | Reached XP level 2. HP: 15/15 MP: 4/9
   228 | Zot      | Learned a level 2 spell: Blink
   233 | Zot      | Learned a level 2 spell: Call Imp
   245 | Zot      | Learned a level 2 spell: Slow
   332 | Zot      | Reached XP level 3. HP: 19/19 MP: 10/12
   335 | Zot      | Paralysed by Aplila Peim for 3 turns
   341 | Zot      | Paralysed by Aplila Peim for 3 turns
   378 | Zot      | Quit the game

Action                   || total
-------------------------++-------
Melee: Short sword       ||    22
 Cast: Magic Dart        ||    21
       Call Imp          ||     2
 Abil: Make dart trap    ||    12
  Use: Potion            ||     1
